[Event "Titled Tuesday Blitz April 19 Late 2022"]
[White "Aldokhin, Ivan"]
[Black "Lewtak, Damian"]
[WhiteFideId "24115720"]
[BlackFideId "1141724"]
[WhiteElo "2231"]
[BlackElo "2362"]
[Result "0-1"]
[Round "08"]
[TimeControl "180+1"]
[Date "2022.04.19"]
[WhiteClock "0:00:08"]
[BlackClock "0:00:20"]

1. e4 c5 2. Nf3 d6 3. d4 cxd4 4. Nxd4 Nf6 5. Nc3 Nc6 6. Bc4 Qb6 7. Nb3 e6 8. f4 Be7 9. Qf3 a6 10. g4 h5 11. g5 Nd7 12. g6 Nf6 13. gxf7+ Kxf7 14. Be3 Qc7 15. f5 Ne5 16. Bxe6+ Bxe6 17. fxe6+ Kxe6 18. Qg2 Nfg4 19. Bd4 Bh4+ 20. Kd1 Rhf8 21. Kc1 Qc4 22. Kb1 Rf7 23. a3 Raf8 24. Ka2 a5 25. a4 b5 26. Nxb5 Qxa4+ 27. Na3 Rb8 28. Bc3 Rf2 29. Qh3 Bf6 30. Rhf1 Rxh2 31. Qg3 Rxc2 32. Nd4+ Qxd4 33. Bxd4 h4 34. Qb3+ Rxb3 35. Kxb3 Re2 36. Bc3 h3 37. Nb5 Nc6 38. Rad1 Be7 39. Rde1 Rg2 40. Nc7+ Kd7 41. Nd5 h2 42. Rh1 Nf2 43. Ref1 Nxh1 44. Rxh1 Bg5 45. Kc4 Ne5+ 46. Kb5 Nf3 47. Kxa5 Rg1 48. Rxh2 Nxh2 49. b4 Nf3 50. b5 Bd2 51. Bxd2 Nxd2 52. b6 Nc4+ 53. Kb5 Nxb6 54. Nxb6+ Ke6 55. Nd5 Ke5 56. Ne7 Kxe4 57. Kc4 d5+ 58. Kc3 d4+ 59. Kd2 Rg2+ 60. Ke1 d3 61. Nc6 Ke3 62. Kf1 Rc2 63. Ne5 Rc1+ 64. Kg2 d2 65. Ng4+ Kf4 66. Nf2 d1=Q 67. Nxd1 Rxd1 68. Kf2 Rd2+ 0-1


[Site "https://www.chess.com"]

[Event "Titled Tuesday Blitz April 19 Late 2022"]
[White "Alekseenko, Kirill"]
[Black "Nakamura, Hikaru"]
[WhiteFideId "4135539"]
[BlackFideId "2016192"]
[WhiteElo "2682"]
[BlackElo "2850"]
[Result "0-1"]
[Round "08"]
[TimeControl "180+1"]
[Date "2022.04.19"]
[WhiteClock "0:00:02"]
[BlackClock "0:00:13"]

1. e4 e5 2. Nf3 Nc6 3. Bb5 Nf6 4. d3 Bc5 5. Bxc6 dxc6 6. Nbd2 Be6 7. Nb3 Bb6 8. O-O Qe7 9. Be3 O-O-O 10. Bxb6 cxb6 11. Nbd2 Nd7 12. b3 h5 13. Nc4 f6 14. Ne3 g5 15. Nd2 Nf8 16. a4 Ng6 17. Qb1 Nf4 18. b4 Rd4 19. b5 Rb4 20. Qd1 Rd8 21. a5 Rxb5 22. axb6 a6 23. g3 Nh3+ 24. Kg2 g4 25. Rb1 Qc5 26. Rxb5 cxb5 27. Qa1 Qxb6 28. Rc1 Kb8 29. Qa3 Qd6 30. Qa5 Rc8 31. Rb1 h4 32. c4 hxg3 33. cxb5 Nf4+ 34. Kxg3 Rh8 35. h4 Ne2+ 36. Kg2 Nf4+ 37. Kg1 Qc5 38. Qa4 Ne2+ 39. Kf1 Nc3 40. Qc4 Bxc4 41. bxa6 Nxb1 0-1


[Site "https://www.chess.com"]

[Event "Titled Tuesday Blitz April 19 Late 2022"]
[White "Andreikin, Dmitry"]
[Black "Dobrov, Vladimir"]
[WhiteFideId "4158814"]
[BlackFideId "4136594"]
[WhiteElo "2736"]
[BlackElo "2575"]
[Result "1/2-1/2"]
[Round "08"]
[TimeControl "180+1"]
[Date "2022.04.19"]
[WhiteClock "0:00:46"]
[BlackClock "0:00:13"]

1. d4 Nf6 2. c4 e6 3. Nf3 d5 4. g3 Bb4+ 5. Nbd2 O-O 6. Bg2 b6 7. O-O Bb7 8. Qc2 Qc8 9. a3 Be7 10. cxd5 Bxd5 11. e4 Bb7 12. e5 Nd5 13. Ne4 h6 14. g4 c5 15. dxc5 Nd7 16. g5 h5 17. Bd2 Nxc5 18. Rfc1 Qd8 19. b4 Nxe4 20. Qxe4 g6 21. h4 Qd7 22. Nd4 Rfc8 23. Qe2 Bf8 24. Qb5 Qd8 25. Nc6 Qe8 26. Nd4 Qd8 27. Nc6 Qe8 28. Nd4 Qd8 1/2-1/2


[Site "https://www.chess.com"]

[Event "Titled Tuesday Blitz April 19 Late 2022"]
[White "Arabidze, Meri"]
[Black "Jobava, Baadur"]
[WhiteFideId "13604040"]
[BlackFideId "13601520"]
[WhiteElo "2335"]
[BlackElo "2617"]
[Result "1/2-1/2"]
[Round "08"]
[TimeControl "180+1"]
[Date "2022.04.19"]
[WhiteClock "0:01:16"]
[BlackClock "0:02:32"]

1. Nf3 Nf6 2. g3 b6 3. Bg2 Bb7 4. O-O g6 5. c4 Bg7 6. Nc3 O-O 7. Re1 c5 8. e4 Nc6 9. d3 d6 10. h3 Nd7 11. Bg5 h6 12. Be3 Kh7 13. d4 cxd4 14. Nxd4 Rc8 15. b3 Nc5 16. Rc1 Ne5 17. Rc2 Ned3 18. Rf1 Nb4 19. Rd2 Nc6 20. Nde2 Nb4 21. Nd4 Nc6 22. Nde2 Nb4 23. Nd4 1/2-1/2


[Site "https://www.chess.com"]

[Event "Titled Tuesday Blitz April 19 Late 2022"]
[White "Araujo Filho, Luiz Antonio Coel"]
[Black "Mirza, Diana"]
[WhiteFideId "2130661"]
[BlackFideId "2503999"]
[WhiteElo "2315"]
[BlackElo "1813"]
[Result "1-0"]
[Round "08"]
[TimeControl "180+1"]
[Date "2022.04.19"]
[WhiteClock "0:00:37"]
[BlackClock "0:00:06"]

1. d4 Nf6 2. Nf3 e6 3. e3 g6 4. b3 Bg7 5. Bb2 O-O 6. Be2 d6 7. Nbd2 Nbd7 8. O-O e5 9. dxe5 dxe5 10. Nxe5 Ne8 11. Nd3 Bxb2 12. Nxb2 Qf6 13. Nd3 Ne5 14. Nxe5 Qxe5 15. Nf3 Qg7 16. Qd8 b6 17. Rad1 Bb7 18. Qh4 Nd6 19. c4 Nf5 20. Qf4 Nd6 21. Nd4 Rad8 22. Bf3 Bxf3 23. Qxf3 c5 24. Nc6 Rd7 25. Qf4 Rfd8 26. Rd5 Nb7 27. Rxd7 Rxd7 28. Qb8+ Qf8 29. Qxf8+ Kxf8 30. Nxa7 Nd6 31. Nb5 Nxb5 32. cxb5 Rd2 33. Ra1 Ke7 34. a4 Kd6 35. Kf1 Rb2 36. Ra3 Kd5 37. g3 Ke4 38. a5 Kf3 39. Ke1 bxa5 40. b6 Rxf2 41. b7 Rf1+ 42. Kxf1 1-0


[Site "https://www.chess.com"]

[Event "Titled Tuesday Blitz April 19 Late 2022"]
[White "Aroesti, Roee"]
[Black "Martinez Alcantara, Jose Eduardo"]
[WhiteFideId "2817144"]
[BlackFideId "3805662"]
[WhiteElo "2068"]
[BlackElo "2690"]
[Result "0-1"]
[Round "08"]
[TimeControl "180+1"]
[Date "2022.04.19"]
[WhiteClock "0:00:02"]
[BlackClock "0:00:52"]

1. e4 c5 2. Nf3 d6 3. Nc3 Nf6 4. e5 dxe5 5. Nxe5 e6 6. Bb5+ Nbd7 7. d4 a6 8. Bxd7+ Bxd7 9. Bf4 Rc8 10. O-O cxd4 11. Qxd4 Bc5 12. Qd3 Bc6 13. Qxd8+ Rxd8 14. Nxc6 bxc6 15. Be5 Ke7 16. Rad1 Bd6 17. Bxd6+ Rxd6 18. Rxd6 Kxd6 19. Rd1+ Kc7 20. f3 Nd5 21. Ne4 h6 22. Kf2 a5 23. b3 Nb6 24. c4 a4 25. Ke2 Ra8 26. Rd2 axb3 27. axb3 Ra3 28. Nc5 Ra5 29. Ne4 Nc8 30. h4 f5 31. Nc3 Nd6 32. Ra2 Nb7 33. Kd3 Re5 34. Re2 Ra5 35. b4 Ra3 36. Rxe6 g5 37. Rxh6 gxh4 38. Rh7+ Kc8 39. Rxh4 Nd6 40. Rh6 Kd7 41. Rh7+ Kd8 42. Kd4 Rb3 43. Kc5 Ne8 44. Ne2 Nf6 45. Rf7 Nd7+ 46. Kd6 Rd3+ 47. Ke6 Re3+ 48. Kd6 Rd3+ 49. Ke6 Re3+ 50. Kd6 Ke8 51. Rh7 Nf8 52. Ra7 Re6+ 53. Kc5 Rxe2 54. Kxc6 Ne6 55. Ra8+ Ke7 56. c5 Rb2 57. Ra7+ Kf6 58. b5 Nd4+ 59. Kd5 Nxb5 0-1


[Site "https://www.chess.com"]

[Event "Titled Tuesday Blitz April 19 Late 2022"]
[White "Babazada, Khazar"]
[Black "Adewumi, Tanitoluwa"]
[WhiteFideId "13413554"]
[BlackFideId "30966396"]
[WhiteElo "2406"]
[BlackElo "2553"]
[Result "1-0"]
[Round "08"]
[TimeControl "180+1"]
[Date "2022.04.19"]
[WhiteClock "0:00:25"]
[BlackClock "0:00:02"]

1. e4 c5 2. Nf3 a6 3. d4 cxd4 4. Nxd4 e6 5. Bd3 Nf6 6. O-O d6 7. Qe2 Be7 8. c4 O-O 9. Nc3 Nc6 10. Nxc6 bxc6 11. Kh1 e5 12. f4 exf4 13. Bxf4 Ng4 14. Rad1 Ne5 15. Bc2 Qa5 16. h3 Be6 17. Bb3 Rad8 18. Rc1 Ng6 19. Bg3 Bg5 20. Rcd1 Ne5 21. Rf5 Bxf5 22. exf5 Rfe8 23. Ne4 Bh6 24. Nxd6 Rxd6 25. Rxd6 Kf8 26. Qd1 Bg5 27. Qh5 h6 28. c5 Qxc5 29. Bxe5 g6 30. fxg6 Qxe5 31. Rd1 Qg3 32. g7+ Ke7 33. Qxf7# 1-0


[Site "https://www.chess.com"]

[Event "Titled Tuesday Blitz April 19 Late 2022"]
[White "Baches Garcia, Guillermo"]
[Black "Wieczorek, Oskar"]
[WhiteFideId "2209764"]
[BlackFideId "1133950"]
[WhiteElo "2517"]
[BlackElo "2639"]
[Result "1-0"]
[Round "08"]
[TimeControl "180+1"]
[Date "2022.04.19"]
[WhiteClock "0:00:47"]
[BlackClock "0:00:18"]

1. e4 e5 2. Nf3 Nc6 3. Bc4 Bc5 4. c3 Nf6 5. d4 exd4 6. cxd4 Bb4+ 7. Bd2 Bxd2+ 8. Nbxd2 d5 9. exd5 Nxd5 10. Qb3 Nce7 11. O-O O-O 12. Ne4 Nb6 13. Bd3 Be6 14. Qc2 h6 15. Nc5 Bd5 16. Ne5 f6 17. Ng4 Nc6 18. Qc3 Rb8 19. Rad1 Qd6 20. Bb1 Rfe8 21. Ne3 Bf7 22. Nf5 Qf8 23. Qc2 g6 24. Nh4 f5 25. Nf3 Nb4 26. Qd2 Nc6 27. Rfe1 Nc4 28. Qc3 Nd6 29. Ne5 Nxe5 30. dxe5 Nb5 31. Qe3 b6 32. Nd7 Qe7 33. Nxb8 Rxb8 34. e6 1-0


[Site "https://www.chess.com"]

[Event "Titled Tuesday Blitz April 19 Late 2022"]
[White "Bachmann, Axel"]
[Black "Kujawski, Adam"]
[WhiteFideId "3700488"]
[BlackFideId "1100920"]
[WhiteElo "2587"]
[BlackElo "2053"]
[Result "1/2-1/2"]
[Round "08"]
[TimeControl "180+1"]
[Date "2022.04.19"]
[WhiteClock "0:00:03"]
[BlackClock "0:00:01"]

1. d4 Nf6 2. g3 c5 3. d5 e6 4. c4 exd5 5. cxd5 d6 6. Nc3 g6 7. Nf3 Bg7 8. Bg2 O-O 9. O-O a6 10. a4 Re8 11. Re1 Nbd7 12. Bf4 Qc7 13. Rc1 Nh5 14. Bg5 Rb8 15. a5 Qxa5 16. e4 b5 17. Nd2 c4 18. g4 Nhf6 19. Bf4 Qc7 20. e5 Nxe5 21. h3 Bb7 22. Bxe5 Rxe5 23. Rxe5 dxe5 24. g5 Nd7 25. Nde4 Qb6 26. Rc2 Rc8 27. Rd2 Rd8 28. Ne2 f5 29. gxf6 Nxf6 30. Ng5 Rd6 31. Nc3 h6 32. Ne6 Rxe6 33. dxe6 Bxg2 34. Kxg2 Qxe6 35. Rd8+ Kh7 36. Rd6 Qf5 37. Ne2 Ne4 38. f3 Nxd6 39. Qxd6 Qd3 40. Qxd3 cxd3 41. Nc3 d2 42. Nd1 h5 43. Kf2 Bh6 44. Ke2 Kg7 45. Kd3 Kf6 46. Ke4 Ke6 47. b3 a5 48. Nc3 a4 49. bxa4 bxa4 50. Kd3 a3 51. Kc2 Kd6 52. Nb5+ Kc5 53. Nxa3 Kd4 54. Kd1 Ke3 55. Nc4+ Kxf3 56. Nxe5+ Kg3 57. Nxg6 Kxh3 58. Ne7 Bg5 59. Nd5 Kg2 60. Nc3 1/2-1/2


[Site "https://www.chess.com"]

[Event "Titled Tuesday Blitz April 19 Late 2022"]
[White "Bacrot, Etienne"]
[Black "Jacobson, Brandon"]
[WhiteFideId "605506"]
[BlackFideId "30901561"]
[WhiteElo "2673"]
[BlackElo "2362"]
[Result "0-1"]
[Round "08"]
[TimeControl "180+1"]
[Date "2022.04.19"]
[WhiteClock "0:01:30"]
[BlackClock "0:00:51"]

1. d4 Nf6 2. c4 e6 3. Nf3 d5 4. Nc3 Nbd7 5. Qc2 dxc4 6. e4 Nb6 7. Bf4 Bb4 8. O-O-O Bd7 9. g4 Bxc3 10. bxc3 Ba4 11. Qe2 Bxd1 12. Kxd1 Qd7 13. g5 Qa4+ 14. Ke1 Nfd7 15. Bxc7 Qa3 16. Qc2 Na4 17. Nd2 b5 18. Nb1 Qe7 19. h4 e5 20. Ba5 exd4 21. cxd4 O-O 22. Bg2 Rac8 23. a3 Rfe8 24. Rh3 Nb8 25. Bb4 Qd8 26. Nc3 Nc6 27. Nxa4 Nxb4 28. axb4 bxa4 29. Qc3 Qb6 30. Kd2 Red8 31. Ke3 a5 32. bxa5 Qb3 33. Kd2 a3 34. Qxb3 cxb3 35. Rxb3 Rxd4+ 36. Ke3 Ra4 37. Rb1 a2 38. Ra1 Rb8 0-1


[Site "https://www.chess.com"]

[Event "Titled Tuesday Blitz April 19 Late 2022"]
[White "Barrientos, Sergio E"]
[Black "Oparin, Grigoriy"]
[WhiteFideId "4401824"]
[BlackFideId "24125890"]
[WhiteElo "2397"]
[BlackElo "2665"]
[Result "0-1"]
[Round "08"]
[TimeControl "180+1"]
[Date "2022.04.19"]
[WhiteClock "0:00:13"]
[BlackClock "0:00:05"]

1. d4 Nf6 2. c4 c6 3. Nc3 d5 4. Nf3 e6 5. Bg5 h6 6. Bxf6 Qxf6 7. Qb3 a5 8. a3 a4 9. Qc2 dxc4 10. Nxa4 Qd8 11. Nc3 b5 12. Rd1 Be7 13. g3 Nd7 14. Bg2 Bb7 15. O-O O-O 16. Nd2 Qc7 17. Nde4 Rfd8 18. e3 Qb6 19. h3 Rac8 20. Kh2 Ba6 21. f4 c5 22. f5 cxd4 23. exd4 Nf6 24. Qf2 exf5 25. Qxf5 Rxd4 26. Rde1 Bb7 27. Nxf6+ Bxf6 28. Nd5 Qa6 29. Nxf6+ gxf6 30. Rf4 Rxf4 31. gxf4 Bxg2 32. Rg1 Kh8 33. Qh5 f5 34. Rxg2 Qf6 35. Qe2 Rd8 36. Qe3 Qd4 37. Qg3 Qf6 38. Qe3 Rc8 39. Qg3 Re8 40. Qf3 Rg8 41. Rxg8+ Kxg8 42. Qa8+ Kh7 43. Qg2 Qd4 44. Kg3 Qe3+ 45. Qf3 Qe1+ 46. Kg2 Qd2+ 47. Qf2 Qd5+ 48. Kg3 Kg6 49. Kh4 Qd8+ 50. Kg3 Qd5 51. Qb6+ Kh5 52. Qe3 Qe4 53. Qf2 Kg6 54. Qb6+ f6 55. Qxb5 Qe3+ 56. Kg2 Qxf4 57. Qe8+ Kg5 58. Qe2 Qd4 59. Qf3 h5 60. Qg3+ Kh6 61. Qf2 Qe4+ 62. Kf1 f4 63. a4 Qh1+ 64. Ke2 Qe4+ 65. Kd2 Qd3+ 66. Kc1 f3 67. Qd2+ Kg6 68. Qxd3+ cxd3 69. Kd2 f2 0-1


[Site "https://www.chess.com"]

[Event "Titled Tuesday Blitz April 19 Late 2022"]
[White "Bas Mas, Jose Joaquin"]
[Black "Antonova, Nadezhda"]
[WhiteFideId "22219064"]
[BlackFideId "14700182"]
[WhiteElo "2212"]
[BlackElo "1789"]
[Result "1-0"]
[Round "08"]
[TimeControl "180+1"]
[Date "2022.04.19"]
[WhiteClock "0:00:12"]
[BlackClock "0:00:12"]

1. e4 c5 2. Nc3 Nc6 3. Bb5 Nd4 4. Nf3 Nxb5 5. Nxb5 a6 6. Nc3 d6 7. O-O Nf6 8. d4 cxd4 9. Qxd4 e6 10. Bg5 Be7 11. a4 O-O 12. Rad1 Qc7 13. Bxf6 gxf6 14. Qe3 Kh8 15. Rd3 Bd7 16. Nd4 Rg8 17. Qh6 Rg6 18. Qh5 Rag8 19. Rg3 Qc5 20. Qxc5 dxc5 21. Nf3 Bc6 22. Rd1 Rxg3 23. hxg3 b5 24. axb5 axb5 25. Re1 b4 26. Nd1 Ra8 27. c4 Ra1 28. Nd2 Bd6 29. Kf1 Be5 30. b3 Bc3 31. Nxc3 Rxe1+ 32. Kxe1 bxc3 33. Nf1 Bxe4 34. Ne3 Bd3 35. Kd1 Kg7 36. Kc1 f5 37. Nd1 c2 38. Nb2 Bf1 39. Kxc2 Bxg2 40. Na4 Kf6 41. Nxc5 Ke5 42. Kc3 h5 43. b4 Kd6 44. Nd3 e5 45. b5 Be4 46. c5+ Kd5 47. c6 Kd6 48. Nb4 Kc5 49. c7 Bb7 50. Nd3+ Kxb5 51. Nxe5 f6 52. Nd7 Kc6 53. Nxf6 Kxc7 54. Kd4 Bf3 55. Ke5 Bg4 56. Kf4 Kd6 57. Nxg4 fxg4 58. Kg5 Ke5 59. Kxh5 Kf5 60. Kh4 Ke4 61. Kxg4 Ke5 62. f4+ Kf6 63. Kf3 Kg6 64. g4 Kf6 65. Ke4 Kg6 66. Ke5 Kh6 67. Kf6 Kh7 68. g5 Kh8 69. g6 Kg8 70. g7 Kh7 71. Kf7 Kh6 72. g8=Q Kh5 73. Kf6 Kh4 74. Ke5 Kh3 75. f5 Kh2 76. f6 Kh1 77. Kf4 Kh2 78. Kf3 Kh3 79. Qg3# 1-0


[Site "https://www.chess.com"]

[Event "Titled Tuesday Blitz April 19 Late 2022"]
[White "Bibasa, Bob"]
[Black "Rosenberg, Evan S"]
[WhiteFideId "10000240"]
[BlackFideId "2019299"]
[WhiteElo "2056"]
[BlackElo "2359"]
[Result "1-0"]
[Round "08"]
[TimeControl "180+1"]
[Date "2022.04.19"]
[WhiteClock "0:01:00"]
[BlackClock "0:00:01"]

1. e4 e5 2. Nf3 Nc6 3. Bc4 Bc5 4. c3 Nf6 5. d3 O-O 6. O-O d5 7. exd5 Nxd5 8. Nbd2 Bf5 9. Ne4 Bxe4 10. dxe4 Nb6 11. Bb3 h6 12. Bd5 Qf6 13. Bxc6 bxc6 14. Qe2 a5 15. Be3 Bxe3 16. Qxe3 Nc4 17. Qe2 Nd6 18. Rfd1 Rfb8 19. b3 a4 20. b4 a3 21. Nd2 Qe6 22. Nb3 Qc4 23. Qxc4 Nxc4 24. Rd7 Ra7 25. f3 Kf8 26. Rad1 Ke8 27. Kf2 Nb6 28. R7d3 Na4 29. R1d2 c5 30. bxc5 Rxb3 31. axb3 Nxc5 32. Rd8+ Ke7 33. R8d5 Nxb3 34. Ra2 Nc1 35. Ra1 a2 36. Rxc1 a1=Q 37. Rxa1 Rxa1 38. Rxe5+ Kd6 39. Rd5+ Ke6 40. c4 Ra2+ 41. Kg3 Rc2 42. c5 g6 43. h4 f5 44. h5 fxe4 45. fxe4 g5 46. Kf3 Rc3+ 47. Ke2 Rc2+ 48. Kf3 Rc3+ 49. Kf2 Rc2+ 50. Kg3 Rc3+ 51. Kg4 Re3 52. Rd4 Ke5 53. Rd7 Rxe4+ 54. Kf3 Rf4+ 55. Kg3 1-0


[Site "https://www.chess.com"]

[Event "Titled Tuesday Blitz April 19 Late 2022"]
[White "Blackman, Justin"]
[Black "Balint, Vilmos"]
[WhiteFideId "11100516"]
[BlackFideId "718050"]
[WhiteElo "2112"]
[BlackElo "2059"]
[Result "0-1"]
[Round "08"]
[TimeControl "180+1"]
[Date "2022.04.19"]
[WhiteClock "0:00:21"]
[BlackClock "0:01:00"]

1. e4 e5 2. Nc3 Nc6 3. Bc4 Nf6 4. d3 Bb4 5. Nf3 d6 6. O-O h6 7. Ne2 Bc5 8. Ng3 Be6 9. c3 Bxc4 10. dxc4 a5 11. b3 g6 12. Qd3 Kf8 13. Be3 Ba7 14. Bxa7 Rxa7 15. Rad1 Qe7 16. Rfe1 Kg7 17. Nf1 Raa8 18. Ne3 Nh5 19. Nd5 Qd8 20. Qe3 Rc8 21. c5 Ne7 22. Nxc7 Qxc7 23. cxd6 Qxc3 24. Qxc3 Rxc3 25. dxe7 Re8 26. Rd7 Kf6 27. Rxb7 Rc2 28. a4 Nf4 29. Rd1 Rxe7 30. Rxe7 Kxe7 31. Nxe5 Ke6 32. Nc4 Ne2+ 33. Kf1 Nc3 34. Re1 Nxa4 35. Nxa5 Nc5 36. Re3 Rb2 37. f4 Ra2 38. Nc4 Na6 39. Re2 Ra1+ 40. Kf2 Rb1 41. Nd2 Rb2 42. Ke3 Nb4 43. Kd4 Rc2 44. g4 Na2 45. f5+ Ke7 46. e5 Nc1 47. f6+ Ke6 48. Rf2 Rxd2+ 0-1


[Site "https://www.chess.com"]

[Event "Titled Tuesday Blitz April 19 Late 2022"]
[White "Bongo Akanga Ndjila, Barthelemy"]
[Black "Burke, Paul"]
[WhiteFideId "10609431"]
[BlackFideId "2605767"]
[WhiteElo "1768"]
[BlackElo "1876"]
[Result "1/2-1/2"]
[Round "08"]
[TimeControl "180+1"]
[Date "2022.04.19"]
[WhiteClock "0:00:25"]
[BlackClock "0:00:25"]

1. d4 Nf6 2. c4 c5 3. d5 Ne4 4. Nf3 Qa5+ 5. Nbd2 d6 6. g3 g6 7. Bg2 Bg7 8. O-O Nf6 9. Nb3 Qd8 10. Qc2 Bf5 11. Qd1 O-O 12. Nh4 Bd7 13. e4 Qc8 14. Re1 Bh3 15. Bh1 Ng4 16. f3 Ne5 17. Qe2 a5 18. Be3 a4 19. Nd2 Na6 20. a3 Nc7 21. Bg5 Re8 22. Ng2 Bd7 23. Be3 b5 24. Rac1 bxc4 25. Nxc4 Nxc4 26. Qxc4 Bxb2 27. Rb1 Bxa3 28. Qc3 Bb4 29. Rxb4 cxb4 30. Qxb4 Rb8 31. Qd4 Nb5 32. Qd1 Nc3 33. Qd2 Rb3 34. Bh6 Qc5+ 35. Ne3 Nb1 36. Qd1 Nc3 37. Qd2 Nb1 38. Qd1 Nc3 39. Qd2 1/2-1/2


[Site "https://www.chess.com"]

[Event "Titled Tuesday Blitz April 19 Late 2022"]
[White "Bortnyk, Olexandr"]
[Black "Lin, Dachey"]
[WhiteFideId "14120828"]
[BlackFideId "2029650"]
[WhiteElo "2723"]
[BlackElo "2313"]
[Result "1-0"]
[Round "08"]
[TimeControl "180+1"]
[Date "2022.04.19"]
[WhiteClock "0:00:44"]
[BlackClock "0:00:01"]

1. d4 g6 2. Nc3 Bg7 3. h4 h5 4. e4 c6 5. Bf4 d5 6. Qd2 dxe4 7. O-O-O Nf6 8. f3 Nd5 9. Nxd5 Qxd5 10. c4 Qf5 11. fxe4 Qxe4 12. Nf3 Bf5 13. Bd3 Qxd3 14. Qxd3 Bxd3 15. Rxd3 e6 16. Bd6 Nd7 17. d5 cxd5 18. cxd5 Rc8+ 19. Kb1 e5 20. Ng5 Bh6 21. Ne4 f6 22. Ba3 Bf8 23. Rf1 Bxa3 24. Rxa3 Ke7 25. Rxa7 Rc4 26. Nd2 Rd4 27. Nb3 Rb4 28. Na5 Rb8 29. a3 Rb5 30. Rd1 f5 31. Nc6+ bxc6 32. dxc6 Rxb2+ 33. Ka1 R2b6 34. Raxd7+ Kf8 35. c7 Re8 36. Rd8 Rc6 37. Rxe8+ Kxe8 38. Rd8+ 1-0


[Site "https://www.chess.com"]

[Event "Titled Tuesday Blitz April 19 Late 2022"]
[White "Buchenau, Frank"]
[Black "Tristan, Leonardo"]
[WhiteFideId "4604350"]
[BlackFideId "113816"]
[WhiteElo "2193"]
[BlackElo "2404"]
[Result "1-0"]
[Round "08"]
[TimeControl "180+1"]
[Date "2022.04.19"]
[WhiteClock "0:01:28"]
[BlackClock "0:00:30"]

1. d3 d5 2. g3 Nf6 3. Bg2 Bf5 4. Nf3 e6 5. O-O Be7 6. b3 O-O 7. Bb2 h6 8. Nbd2 Bh7 9. Qe1 a5 10. a3 a4 11. b4 c5 12. c3 Nc6 13. b5 Na5 14. c4 dxc4 15. dxc4 Ne4 16. Rd1 Qc8 17. Ne5 Nxd2 18. Rxd2 Bf6 19. Nd7 Bxb2 20. Nb6 Qc7 21. Nxa8 Qe5 22. Rxb2 Qxb2 23. Qxa5 Qxa3 24. Nb6 Qb4 25. Qxa4 Qd2 26. Qd1 Qa5 27. Nd7 Rd8 28. Bxb7 Qc7 29. Bc6 Bf5 30. Qd2 e5 31. Rd1 Be6 32. Nf6+ 1-0


[Site "https://www.chess.com"]

[Event "Titled Tuesday Blitz April 19 Late 2022"]
[White "Chigaev, Maksim"]
[Black "Bluebaum, Matthias"]
[WhiteFideId "4108116"]
[BlackFideId "24651516"]
[WhiteElo "2478"]
[BlackElo "2550"]
[Result "1-0"]
[Round "08"]
[TimeControl "180+1"]
[Date "2022.04.19"]
[WhiteClock "0:00:13"]
[BlackClock "0:00:02"]

1. d4 Nf6 2. c4 e6 3. Nf3 d5 4. g3 Bb4+ 5. Nbd2 dxc4 6. Bg2 b5 7. a3 Bxd2+ 8. Nxd2 Nd5 9. a4 c6 10. O-O Bb7 11. e4 Ne7 12. Qg4 Qxd4 13. Nf3 h5 14. Qf4 Qd8 15. Ng5 Rf8 16. e5 Nd5 17. Qf3 Nd7 18. Qxh5 Qe7 19. Ne4 O-O-O 20. axb5 cxb5 21. Nd6+ Kb8 22. Nxb5 Nc5 23. Nd6 Bc6 24. Bxd5 Bxd5 25. Be3 Rh8 26. Qg4 Rxh2 27. f3 Rdh8 28. Bxc5 Qc7 29. Bxa7+ Qxa7+ 30. Rxa7 Kxa7 31. Qd4+ Kb8 32. Qb6+ Ka8 33. Ra1# 1-0


[Site "https://www.chess.com"]

[Event "Titled Tuesday Blitz April 19 Late 2022"]
[White "Czopor, Maciej"]
[Black "Spata, German"]
[WhiteFideId "21805431"]
[BlackFideId "113026"]
[WhiteElo "1999"]
[BlackElo "2238"]
[Result "1-0"]
[Round "08"]
[TimeControl "180+1"]
[Date "2022.04.19"]
[WhiteClock "0:00:16"]
[BlackClock "0:00:07"]

1. d4 g6 2. h4 h6 3. c4 d6 4. Nc3 Bg7 5. h5 g5 6. e4 e6 7. Be2 Nc6 8. Be3 e5 9. d5 Nd4 10. Bg4 Bxg4 11. Qxg4 Nc2+ 12. Kd2 Nxa1 13. Nge2 a6 14. Rxa1 Nf6 15. Qf3 Qd7 16. Ng3 Qg4 17. Qxg4 Nxg4 18. Nf5 Bf8 19. f3 Nf6 20. g4 Ng8 21. a4 Ne7 22. b3 Nxf5 23. exf5 Be7 24. Ne4 f6 25. Kd3 c6 26. Nc3 Kd7 27. b4 Rhc8 28. a5 Bd8 29. Rb1 Rab8 30. Ba7 Ra8 31. Be3 Rcb8 32. Ra1 b6 33. axb6 Bxb6 34. Bxb6 Rxb6 35. dxc6+ Rxc6 36. Nd5 a5 37. b5 Rcc8 38. Nb6+ Kc7 39. Nxc8 Kxc8 40. Ra3 Kc7 41. Ke4 Kb6 42. Kd5 Rc8 43. Ra4 Rc5+ 44. Kxd6 e4 45. fxe4 Re5 46. Kd7 Rxe4 47. c5+ 1-0


[Site "https://www.chess.com"]

[Event "Titled Tuesday Blitz April 19 Late 2022"]
[White "Dauner, Benedikt"]
[Black "Bryakin, Mikhail"]
[WhiteFideId "16225899"]
[BlackFideId "4165314"]
[WhiteElo "2230"]
[BlackElo "2417"]
[Result "1/2-1/2"]
[Round "08"]
[TimeControl "180+1"]
[Date "2022.04.19"]
[WhiteClock "0:00:13"]
[BlackClock "0:01:05"]

1. d4 Nf6 2. Nc3 c5 3. d5 e5 4. e4 d6 5. Bc4 Be7 6. Nf3 O-O 7. O-O a6 8. a4 b6 9. Qe2 Nbd7 10. h3 Re8 11. Kh1 Nf8 12. Kh2 h6 13. g3 g5 14. Ng1 Ng6 15. f3 Kg7 16. Qg2 Kh7 17. Be3 Rg8 18. Nge2 Bd7 19. Qf2 Qc8 20. g4 Nf4 21. Ng3 Qb7 22. Nf5 Bxf5 23. exf5 N6xd5 24. Bxf4 Nxf4 25. Bxf7 Rgf8 26. Bg6+ Nxg6 27. fxg6+ Kxg6 28. Rad1 Rf4 29. Nd5 Rf7 30. Qe3 Raf8 31. c4 Kg7 32. Kg2 Bd8 33. Qe4 b5 34. axb5 axb5 35. b3 Ba5 36. Ne3 Qxe4 37. fxe4 Rxf1 38. Rxf1 Rf4 39. Rxf4 exf4 40. Nf5+ Kf6 41. Nxd6 bxc4 42. Nxc4 Bc3 43. Kf3 Bd4 44. Nb6 Ke6 45. Nc4 Kd7 46. Ke2 Kc6 47. Kd3 Kb5 48. Nd2 Kb4 49. Kc2 Bg7 50. Nf3 c4 51. bxc4 Kxc4 52. Kd2 Bd4 53. Ke2 Bc3 54. h4 Bf6 55. hxg5 hxg5 56. Ne1 Kd4 57. Kf3 Kc3 58. Ng2 Kd2 59. Nxf4 gxf4 60. Kxf4 Kd3 61. Kf5 Bd4 62. e5 Kc4 63. e6 Bc5 64. Kf6 Kd5 65. e7 Bxe7+ 66. Kxe7 Ke5 67. Kf7 Kf4 68. g5 Kxg5 1/2-1/2


[Site "https://www.chess.com"]

[Event "Titled Tuesday Blitz April 19 Late 2022"]
[White "Demchenko, Anton"]
[Black "Jegorovas, Aleksandras"]
[WhiteFideId "4160258"]
[BlackFideId "12801950"]
[WhiteElo "2845"]
[BlackElo "2495"]
[Result "1-0"]
[Round "08"]
[TimeControl "180+1"]
[Date "2022.04.19"]
[WhiteClock "0:01:18"]
[BlackClock "0:00:44"]

1. e4 e6 2. d4 d5 3. Nd2 Be7 4. Ngf3 Nf6 5. e5 Nfd7 6. c3 c5 7. Be2 Nc6 8. O-O a5 9. a4 Qb6 10. Nb3 cxd4 11. cxd4 O-O 12. Be3 f6 13. exf6 Nxf6 14. h3 Bd7 15. Rc1 h6 16. Ne5 Be8 17. Nc5 Bxc5 18. Rxc5 Qxb2 19. Rb5 Qa3 20. Rxb7 Nd8 21. Rc7 Qxa4 22. Qc1 Qb4 23. Bxh6 Nf7 24. Bxg7 Kxg7 25. Qg5+ Kh7 26. Qg6+ Kh8 27. Qxf6+ 1-0


[Site "https://www.chess.com"]

[Event "Titled Tuesday Blitz April 19 Late 2022"]
[White "Derraugh, Geordie"]
[Black "Saraci, Nderim"]
[WhiteFideId "2603950"]
[BlackFideId "6351921"]
[WhiteElo "2116"]
[BlackElo "2553"]
[Result "0-1"]
[Round "08"]
[TimeControl "180+1"]
[Date "2022.04.19"]
[WhiteClock "0:00:06"]
[BlackClock "0:00:18"]

1. e4 e5 2. Nf3 Nc6 3. d4 exd4 4. Bc4 Bc5 5. c3 Nf6 6. cxd4 Bb4+ 7. Bd2 Bxd2+ 8. Nbxd2 d5 9. exd5 Nxd5 10. Qb3 Na5 11. Qa4+ Nc6 12. Qb3 Nce7 13. O-O O-O 14. Rfe1 c6 15. Rad1 Nb6 16. Bd3 Be6 17. Qc2 h6 18. Ne4 Bd5 19. Ne5 Bxe4 20. Bxe4 Ned5 21. Rd3 Nb4 22. Qb3 Nxd3 23. Qxd3 Qd6 24. Re3 Rad8 25. Rf3 Qxd4 26. Bh7+ Kh8 27. Ng6+ Kxh7 28. Nxf8+ Kg8 29. Qh7+ Kxf8 30. h4 Nd5 31. Qh8+ Ke7 32. Rxf7+ Kxf7 33. Qxd8 Qe5 34. Qc8 Qe7 35. g3 Nf6 36. Qf5 Qd7 37. Qa5 b6 38. Qc3 c5 39. Qb3+ Qd5 40. Qa3 a5 41. Qc3 c4 42. Qe3 b5 43. Qa7+ Kg6 44. Qxa5 Ne4 45. Qb6+ Kh7 46. Qe3 Qd3 47. Qf4 Nd2 48. Kg2 b4 49. Kh3 c3 50. bxc3 bxc3 51. h5 c2 0-1


[Site "https://www.chess.com"]